 Dungeon Crawl Stone Soup version 0.26.1-11-gd32895ea62 (webtiles) character file.

Game seed: 9447304439919440056

82 Jerry the Cudgeller (level 4, -1/44 HPs)
             Began as a Troll Berserker on June 12, 2021.
             Was a Believer of Trog.
             Slain by an ogre
             ... wielding a +0 giant spiked club
              (22 damage)
             ... on level 2 of the Dungeon.
             The game lasted 00:04:10 (1371 turns).

Jerry the Cudgeller (Troll Berserker)               Turns: 1371, Time: 00:04:10

Health: -1/44      AC:  6    Str: 25    XL:     4   Next: 21%
Magic:  3/3        EV: 10    Int:  4    God:    Trog [**....]
Gold:   65         SH:  0    Dex:  9    Spells: 3/3 levels left

rFire    x . .     SeeInvis .   a - +0 mace
rCold    + + .     Faith    .   (no shield)
rNeg     . . .     Spirit   .   b - +0 animal skin
rPois    .         Reflect  .   (helmet restricted)
rElec    .         Harm     .   (no cloak)
rCorr    .         Rampage  .   (gloves unavailable)
Will     .....                  (boots unavailable)
Stlth    +.........             (no amulet)
HPRegen  0.54/turn              f - ring of protection from cold
MPRegen  0.08/turn              i - ring of ice

@: no status effects
A: large, unfitting armour, claws 3, regeneration 1, shaggy fur 1, tough skin 3
a: Renounce Religion, Berserk, Trog's Hand


You were on level 2 of the Dungeon.
You worshipped Trog.
Trog was pleased with you.
You visited 1 branch of the dungeon, and saw 2 of its levels.

You collected 65 gold pieces.

Inventory:

Hand Weapons
 a - a +0 mace (weapon)
Armour
 b - a +0 animal skin (worn)
Jewellery
 f - a ring of protection from cold (left claw)
 i - a ring of ice (right claw)
Scrolls
 c - a scroll of identify
 d - 2 scrolls of teleportation {unknown}
 e - 2 scrolls of remove curse
 h - a scroll of amnesia {unknown}
 l - a scroll of enchant armour {unknown}
Potions
 g - a potion of curing {unknown}
 j - a potion of heal wounds {unknown}
 k - a potion of cancellation {unknown}
 m - 2 potions of brilliance {unknown}
 n - a potion of degeneration {unknown}
 o - a potion of flight {unknown}


   Skills:
 + Level 2.9 Fighting
 * Level 3.8 Maces & Flails
 + Level 2.9 Dodging


You had 3 spell levels left.
You didn't know any spells.
Your spell library was empty.

Dungeon Overview and Level Annotations

Branches:
Dungeon (2/15)

Altars:


Innate Abilities, Weirdness & Mutations

You are too large for most types of armour.
You have claws for hands.
Your natural rate of healing is unusually fast.
You are covered in fur. (AC +1)
You have extremely tough skin. (AC +3)


Message History

The ogre is moderately wounded.
You hit the ogre.
The ogre is moderately wounded.
The ogre misses you.
You sock the ogre!
The ogre is severely wounded.
The ogre hits you with a +0 giant spiked club.
You are too injured to fight recklessly!
You are too injured to fight recklessly!
You are too injured to fight recklessly!
You are too injured to fight recklessly!
You are too injured to fight recklessly!
You hit the ogre but do no damage.
The ogre is severely wounded.
The ogre barely misses you.
You hit the ogre.
The ogre is almost dead.
The ogre hits you with a +0 giant spiked club!!
Ouch! That really hurt!
You die...

#.#.............#
#. .............#
.............#####
.................#
.......#.........#
..##+#...........#
#..........##
#..........#
#......@...#
#......O...#
#..........#
#..........#
#..........#
#.........$#
#..........#
#....$.....#


You could see an ogre.

Vanquished Creatures
  Robin (D:2)
  2 adders (D:2)
  An ooze (D:2)
  A dart slug (D:1)
  2 leopard geckos (D:1)
  3 giant cockroaches
  7 hobgoblins
  4 jackals (D:1)
  4 bats (D:1)
  2 frilled lizards
  12 goblins
  3 kobolds
  A rat (D:2)
43 creatures vanquished.

Notes
Turn   | Place    | Note
-------+----------+-------------------------------------------
     0 | D:1      | Jerry the Troll Berserker began the quest for the Orb.
     0 | D:1      | Reached XP level 1. HP: 22/22 MP: 0/0
   231 | D:1      | Reached skill level 3 in Maces & Flails
   231 | D:1      | Reached XP level 2. HP: 29/29 MP: 1/1
   969 | D:2      | Reached XP level 3. HP: 22/36 MP: 2/2
  1038 | D:2      | Reached ** piety under Trog
  1045 | D:2      | Noticed Robin
  1156 | D:2      | Killed Robin
  1157 | D:2      | Reached XP level 4. HP: 15/44 MP: 3/3
  1360 | D:2      | Noticed an ogre
  1371 | D:2      | Slain by an ogre

Illustrated notes

Levels and vault maps discovered:
D:1:      dpeg_arrival_central, layout_loops_ring
D:2:      layout_basic, uniq_robin

Skill      XL: |  1 |
---------------+----+-----
Maces & Flails | 3 |  3.8
Fighting       | |  2.9
Dodging        | |  2.9

Action                   |  1- 3 |  4- 6 || total
-------------------------+-------+-------++-------
Melee: Mace              |   170 |    22 ||   192
  Use: Scroll            |     3 |       ||     3
Armor: Animal skin       |    99 |     5 ||   104
Dodge: Dodged            |   134 |    10 ||   144
